 Dungeon Crawl Stone Soup version 0.22-a0-283-g1871b15 (webtiles) character file.

91802 Amnesiac the Earth Mage (level 15, -3/84 HPs)
             Began as a Deep Elf Wizard on Mar 19, 2018.
             Was a High Priest of Sif Muna.
             Killed from afar by a deep elf knight (22 damage)
             ... with a shard of ice
             ... on level 2 of the Elven Halls.
             The game lasted 01:26:35 (30129 turns).

Amnesiac the Earth Mage (Deep Elf Wizard)          Turns: 30129, Time: 01:26:36

Health: -3/84      AC: 20    Str:  4    XL:     15   Next: 56%
Magic:  0/44       EV: 14    Int: 30    God:    Sif Muna [*****.]
Gold:   1037       SH:  5    Dex: 16    Spells: 9/43 levels left

rFire    . . .     SeeInvis .   a - staff of wizardry
rCold    . . .     Gourm    .   c - +0 buckler
rNeg     . . .     Faith    .   e - +1 robe {MR+}
rPois    .         Spirit   +   B - +0 hat
rElec    +         Reflect  .   A - +2 cloak {MR+}
rCorr    .         Harm     .   V - +2 pair of gloves {Dex+3}
MR       +++..                  M - +2 pair of boots
Stlth    ++........             P - amulet of guardian spirit
HPRegen  0.24/turn              Y - +6 ring of protection
MPRegen  0.29/turn              D - ring of magical power

@: heavily drained, divine energy
A: molten scales 1, electricity resistance
a: Stop Divine Energy, Channel Magic, Forget Spell, Renounce Religion


You were on level 2 of the Elven Halls.
You worshipped Sif Muna.
Sif Muna was extremely pleased with you.
You were not hungry.

You visited 4 branches of the dungeon, and saw 20 of its levels.
You also visited: Bailey.

You collected 1883 gold pieces.
You spent 846 gold pieces at shops.

Inventory:

Hand Weapons
 b - a +3 dagger of venom
 r - the +6 hand crossbow of Spring {penet, Str+3 SInv}
   (You found it on level 2 of the Elven Halls)

   Ammo fired by it will pass through the targets it hits, potentially hitting
   all targets in its path until it reaches maximum range.
   It affects your strength (+3).
   It lets you see invisible.
Armour
 c - a +0 buckler (worn)
 e - a +1 robe of magic resistance (worn)
 A - a +2 cloak of magic resistance (worn)
 B - a +0 hat (worn)
 M - a +2 pair of boots (worn)
 V - a +2 pair of gloves of dexterity (worn)
Magical Staves
 a - an uncursed staff of wizardry (weapon)
Jewellery
 k - an uncursed ring of protection from cold
 t - an uncursed ring of protection from magic
 y - the ring of Amelioration {rPois Str+5}
   (You found it on level 15 of the Dungeon)

   [ring of strength]

   It affects your strength (+5).
   It protects you from poison.
 D - a ring of magical power (right hand)
 O - an uncursed ring of poison resistance
 P - an amulet of guardian spirit (around neck)
 X - an uncursed ring of wizardry
 Y - a +6 ring of protection (left hand)
 Z - an uncursed ring of see invisible
Wands
 q - a wand of digging (27)
 x - a wand of disintegration (11)
 H - a wand of paralysis (15)
 L - a wand of clouds (8)
 R - a wand of random effects (19)
 S - a wand of iceblast (26)
 W - a wand of polymorph (14)
Scrolls
 f - 3 scrolls of teleportation {!r}
 g - 2 scrolls of amnesia {!r}
 h - 6 scrolls of remove curse {!r}
 l - 2 scrolls of fear {!r}
 o - 3 scrolls of blinking {!r}
 s - a scroll of magic mapping {!r}
 E - 6 scrolls of identify {!r}
 F - 4 scrolls of enchant armour {!r}
 Q - 2 scrolls of enchant weapon {!r}
 T - 2 scrolls of fog {!r}
Potions
 i - 2 potions of brilliance {!q}
 j - a potion of magic {!q}
 m - 4 potions of cancellation {!q}
 n - 3 potions of ambrosia {!q}
 p - 5 potions of lignification {!q}
 u - 4 potions of curing {!q}
 w - a potion of heal wounds {!q}
 z - a potion of haste {!q}
 C - 3 potions of might {!q}
 G - a potion of resistance {!q}
 I - 3 potions of flight {!q}
 K - a potion of agility {!q}
 U - a potion of invisibility {!q}
Comestibles
 d - 23 rations


   Skills:
 - Level 6.0(4.5) Fighting
 - Level 6.0(4.5) Dodging
 - Level 2.4(1.0) Stealth
 - Level 4.0(2.6) Shields
 * Level 14.6(12.7) Spellcasting
 - Level 16.1(14.2) Conjurations
 - Level 6.0(4.5) Hexes
 - Level 1.1(0.0) Summonings
 - Level 6.0(4.5) Translocations
 - Level 16.1(14.2) Earth Magic
 + Level 8.1(6.5) Invocations


You had 9 spell levels left.
You knew the following spells:

 Your Spells              Type           Power        Failure   Level  Hunger
a - Lehudib's Crystal Sp  Conj/Erth      #######...   24%         8    #######
b - Call Imp              Summ           ###.....     1%          2    None
c - Confuse               Hex            #####...     1%          3    None
d - Lee's Rapid Deconstr  Erth           #######...   1%          5    #......
e - Mephitic Cloud        Conj/Pois/Air  #####...     1%          3    None
f - Passage of Golubria   Tloc           N/A          1%          4    None
g - Magic Dart            Conj           ####         0%          1    None
h - Dazzling Spray        Conj/Hex       ######       1%          3    None
s - Conjure Flame         Conj/Fire      ######..     1%          3    None
v - Blink                 Tloc           N/A          1%          2    None


Dungeon Overview and Level Annotations

Branches:
Dungeon (15/15)            Temple (1/1) D:6            Lair (0/6) D:9
    Orc (2/2) D:9             Elf (2/3) Orc:2        Vaults (0/5) D:13
 Depths (0/5) D:15

Altars:
Ashenzari
Cheibriados
Dithmenos
Elyvilon
Fedhas
Gozag
Hepliaklqana
Kikubaaqudgha
Makhleb
Nemelex Xobeh
Okawaru
Qazlal
Ru
Sif Muna
Trog
Uskayaw
Vehumet
Wu Jian
Xom
Yredelemnul
Zin
The Shining One
Beogh
Lugonu

Shops:
D:4 =   D:5 ?[(   D:7 *   D:8 !   D:9 [   Orc:1 ?   Orc:2 [%(!


Innate Abilities, Weirdness & Mutations

You are partially covered in molten scales. (AC +2)
You are resistant to electric shocks. (rElec)


Message History

Confirm with . or Enter, or press ? or * to list all spells.
Aiming: Lehudib's Crystal Spear (safe; 8% risk of failure)
Press: ? - help, Shift-Dir - straight line, f/p - deep elf knight
Aim: a deep elf knight, wielding a shortbow (almost dead)
The crystal spear misses the deep elf knight.
You are starving!
A deep elf knight comes into view. It is wielding a scimitar of draining.
You don't have the energy to cast that spell.
You eat one of the 24 rations.
That ration really hit the spot!
The deep elf knight casts a spell at you.
You block the shard of ice.
The deep elf knight casts a spell.
The deep elf knight seems to speed up.
Casting: Lehudib's Crystal Spear (safe; 8% risk of failure)
Confirm with . or Enter, or press ? or * to list all spells.
Aiming: Lehudib's Crystal Spear (safe; 8% risk of failure)
Press: ? - help, Shift-Dir - straight line, f/p - deep elf knight
Aim: a deep elf knight, wielding a shortbow (almost dead)
The crystal spear hits the deep elf knight.
You kill the deep elf knight!
Sif Muna accepts your kill.
Training target 8.0 for Invocations reached!
Your Invocations skill increases to level 8!
You need to enable at least one skill for training.
Sif Muna grants you divine energy.
You briefly lose access to your magic!
Unknown command.
You regain access to your magic.
Casting: Lehudib's Crystal Spear (safe; 8% risk of failure)
Confirm with . or Enter, or press ? or * to list all spells.
Aiming: Lehudib's Crystal Spear (safe; 8% risk of failure)
Press: ? - help, Shift-Dir - straight line, f - deep elf knight
Aim: a deep elf knight, wielding a scimitar of draining and wearing a buckler (fast)
The crystal spear misses the deep elf knight.
Sif Muna grants you divine energy.
You briefly lose access to your magic!
The deep elf knight casts a spell.
The deep elf knight flickers and vanishes!
Deactivating autopickup; reactivate with Ctrl-A.
Something hits you!
You feel drained.
You feel somewhat more hungry. Something hits you but does no damage.
You feel drained. Something hits you but does no damage.
You feel drained.
You feel less invigorated.
You hear some strange, mumbled words.
A shard of ice appears from out of thin air!
The shard of ice hits you!
* * * LOW HITPOINT WARNING * * *
Something hits you but does no damage.
You feel drained. Something barely misses you.
You hear some strange, mumbled words.
A shard of ice appears from out of thin air!
The shard of ice hits you!
* * * LOW HITPOINT WARNING * * *
You feel somewhat more hungry.
You regain access to your magic.
Something hits you!
* * * LOW HITPOINT WARNING * * *
You feel drained.
* * * LOW HITPOINT WARNING * * *
You hear some strange, mumbled words.
A shard of ice appears from out of thin air!
The shard of ice hits you!
You die...

##.## ##.## #.##
##.# ###.# #.#
#...## ##.#
#.##.## ##.##
#.###[###.## #.#
##...## #.# ##.##
#.# #@# #.# #.#
#.########.#####.#
#.).(............#
#######.##########
.. #.# # ..# ####


There were no monsters in sight!

Vanquished Creatures
  Rupert (D:13)
  Donald (Orc:1)
  A frost giant (D:15)
  A very ugly thing (D:15)
  2 deep elf annihilators (Elf:1)
  An ettin (D:15)
  3 great orbs of eyes
  4 vault guards
  A rakshasa (D:15)
  A hydra (D:15)
  5 centaur warriors
  3 two-headed ogres
  A deep troll shaman (D:15)
  3 dancing weapons (Elf:1)
  A deep troll earth mage (D:15)
  2 tengu warriors
  An orc high priest (Elf:1)
  Urug (D:13)
  8 deep elf knights
  4 unseen horrors
  2 wizards (D:15)
  A deep elf archer (D:15)
  A harpy (D:15)
  8 orc knights
  36 deep elf magi
  5 ugly things
  2 orc sorcerers (Orc:1)
  5 cyclopes
  A manticore (D:15)
  An oklob plant (D:3)
  A spiny frog (shapeshifter) (Elf:1)
  4 gargoyles
  A torpor snail (shapeshifter) (D:15)
  A kobold demonologist (D:15)
  2 komodo dragons
  A redback zombie (D:14)
  A tengu conjurer (D:15)
  7 trolls
  A meliai (D:15)
  A wolf spider simulacrum (D:15)
  A blink frog (shapeshifter) (D:14)
  A hornet (D:15)
  Prince Ribbit (D:9)
  3 hippogriffs
  11 slime creatures
  10 yaks
  3 vampires
  Eustachio (D:6)
  2 water elementals
  A wyvern (D:10)
  2 shadows
  3 wraiths
  3 fire elementals
  2 basilisks
  3 wargs
  13 vampire mosquitoes
  16 humans
  4 hungry ghosts
  A swamp worm (shapeshifter) (D:14)
  2 water moccasins
  The ghost of matakusis the Caller, an amateur DESu (D:3)
  2 floating eyes (D:15)
  47 orc warriors
  5 sky beasts
  4 boggarts (D:15)
  6 necrophages
  3 black bears
  2 ice beasts
  An eye of draining (D:14)
  4 phantoms
  11 ogres
  28 centaurs
  A crocodile (D:10)
  7 big kobolds
  12 bullfrogs
  A gnoll sergeant (D:9)
  3 earth elementals
  5 scorpions
  13 killer bees
  14 wights
  3 howler monkeys
  4 bullfrog zombies (D:9)
  4 crimson imps
  7 centaur zombies
  An iron imp (D:5)
  3 jellies
  8 hounds
  14 orc priests
  A bullfrog skeleton (D:6)
  29 orc wizards
  4 centaur skeletons
  2 iguanas
  11 worker ants
  A hound zombie (D:11)
  A hound skeleton (D:4)
  5 worker ant zombies
  13 gnolls
  13 adders
  3 shadow imps
  2 oozes
  3 adder skeletons
  3 worms
  3 dart slugs
  4 leopard geckos
  123 orcs
  6 giant cockroaches
  7 goblins
  2 hobgoblins
  19 jackals
  32 kobolds
  5 quokkas
  A ball python (D:1)
  5 bats
  3 frilled lizards
  A leopard gecko skeleton (D:9)
  A quokka zombie (D:7)
  7 rats
  A fungus (D:3)
  3 plants
  A withered plant (D:9)
739 creatures vanquished.

Vanquished Creatures (collateral kills)
  The ghost of Shiggs the Fighter, a novice GnWn of Okawaru (D:8)
  2 worms (D:2)
  5 orcs
  A goblin (D:2)
  2 hobgoblins (D:2)
  A rat (D:2)
12 creatures vanquished.

Vanquished Creatures (others)
  A shadow (D:15)
  A sky beast (D:15)
  9 fungi (Elf:1)
  11 toadstools (D:3)
22 creatures vanquished.

Grand Total: 773 creatures vanquished

Notes
Turn   | Place    | Note
-------+----------+-------------------------------------------
     0 | D:1      | Amnesiac the Deep Elf Wizard began the quest for the Orb.
     0 | D:1      | Reached XP level 1. HP: 10/10 MP: 7/7
   435 | D:1      | Reached XP level 2. HP: 16/16 MP: 5/9
   779 | D:1      | Reached skill level 1 in Fighting
   779 | D:1      | Reached skill level 1 in Shields
   866 | D:1      | Learned a level 2 spell: Blink
   869 | D:1      | Learned a level 2 spell: Call Imp
   877 | D:2      | Reached XP level 3. HP: 16/20 MP: 3/11
   887 | D:1      | Learned a level 3 spell: Conjure Flame
   891 | D:1      | Learned a level 3 spell: Mephitic Cloud
  1780 | D:2      | Reached XP level 4. HP: 26/26 MP: 6/12
  2256 | D:2      | Found a glowing silver altar of Zin.
  2257 | D:2      | Found a glowing golden altar of the Shining One.
  2258 | D:2      | Found a white marble altar of Elyvilon.
  2474 | D:3      | Noticed matakusis's ghost (amateur DESu)
  2628 | D:3      | Found a shattered altar of Ashenzari.
  3072 | D:3      | Reached XP level 5. HP: 30/30 MP: 10/13
  3326 | D:3      | Killed matakusis's ghost
  3644 | D:3      | Reached XP level 6. HP: 16/36 MP: 6/14
  3928 | D:3      | Found a blossoming altar of Fedhas.
  3939 | D:3      | Noticed an oklob plant
  4275 | D:4      | Found Plog's Jewellery Shoppe.
  4941 | D:4      | Found a stormy altar of Qazlal.
  5258 | D:4      | Reached XP level 7. HP: 32/40 MP: 13/15
  5427 | D:5      | Entered Level 5 of the Dungeon
  5434 | D:5      | Found Gilomn's Antique Weapon Shop.
  5703 | D:5      | Found Uneid's Armour Shoppe.
  5848 | D:5      | Bought a +1 cloak of magic resistance for 231 gold pieces
  5885 | D:5      | Noticed a hungry ghost
  5894 | D:5      | Killed a hungry ghost
  5894 | D:5      | Reached skill level 5 in Dodging
  5934 | D:5      | Found a snail-covered altar of Cheibriados.
  6113 | D:5      | Found Zeorch Eseicw's Magic Scroll Shop.
  6162 | D:5      | Found a shimmering altar of Xom.
  6163 | D:5      | Found a hazy altar of Hepliaklqana.
  6163 | D:5      | Found an iron altar of Okawaru.
  6173 | D:5      | Found a sparkling altar of Nemelex Xobeh.
  6299 | D:6      | Noticed Eustachio
  6325 | D:6      | Killed Eustachio
  6337 | D:6      | Learned a level 3 spell: Confuse
  6340 | D:6      | Reached XP level 8. HP: 48/48 MP: 11/16
  6426 | D:6      | Found a shadowy altar of Dithmenos.
  6441 | D:6      | Reached skill level 1 in Hexes
  6659 | D:6      | Reached skill level 5 in Fighting
  6837 | D:6      | Reached skill level 5 in Spellcasting
  6910 | D:6      | Learned a level 3 spell: Dazzling Spray
  7293 | D:6      | Found a staircase to the Ecumenical Temple.
  7507 | Temple   | Entered the Ecumenical Temple
  7614 | Temple   | Became a worshipper of Sif Muna the Loreminder
  7777 | D:7      | Found Ujeonikh's General Store.
  8074 | D:7      | Reached skill level 5 in Conjurations
  8074 | D:7      | Reached XP level 9. HP: 35/55 MP: 3/18
  8088 | D:7      | Found a flagged portal.
  8122 | Bailey   | Entered a bailey
  8127 | Bailey   | Reached skill level 5 in Hexes
  8544 | Bailey   | Reached * piety under Sif Muna
  8917 | Bailey   | Reached ** piety under Sif Muna
  9108 | Bailey   | Got a sparkling ruby amulet
  9603 | D:5      | Bought a +2 pair of boots for 231 gold pieces
  9666 | D:8      | Identified the amulet of Zienga {Acrobat rPois Slay+5} (You found it in a bailey)
  9686 | D:8      | Noticed a two-headed ogre
  9699 | D:8      | Killed a two-headed ogre
  9699 | D:8      | Reached XP level 10. HP: 60/60 MP: 13/24
 10060 | D:8      | Found a shadowy altar of Dithmenos.
 10077 | D:8      | Reached *** piety under Sif Muna
 10152 | D:8      | Noticed Shiggs's ghost (novice GnWn)
 10198 | D:8      | Killed Shiggs's ghost
 10611 | D:8      | Reached skill level 10 in Conjurations
 10639 | D:8      | Found Ycehyeliv's Distillery.
 10858 | D:8      | Found a sacrificial altar of Ru.
 11156 | D:9      | Found a hide-covered altar of Uskayaw.
 11178 | D:9      | Got a twisted shortbow
 11190 | D:9      | Identified the +9 shortbow "Osokhuik" {freeze, Str+8} (You took it off a wight on level 9 of the Dungeon)
 11595 | D:3      | Killed an oklob plant
 11905 | D:9      | Reached **** piety under Sif Muna
 11944 | D:9      | Reached skill level 10 in Spellcasting
 12066 | D:9      | Noticed a green ugly thing
 12079 | D:9      | Killed a green ugly thing
 12146 | D:9      | Found Faeluq's Armour Emporium.
 12146 | D:9      | Found a staircase to the Orcish Mines.
 12161 | D:9      | Reached XP level 11. HP: 63/63 MP: 27/27
 12297 | D:9      | Noticed Prince Ribbit
 12337 | D:9      | Killed Prince Ribbit
 12516 | D:9      | Found a staircase to the Lair.
 12841 | D:10     | Entered Level 10 of the Dungeon
 13345 | D:10     | Reached ***** piety under Sif Muna
 13346 | D:10     | Identified Sif Muna's Compendium of Battle Magic and the Compass (Sif Muna gifted it to you on level 10 of the Dungeon)
 13346 | D:10     | Received a gift from Sif Muna
 13373 | D:10     | Learned a level 4 spell: Passage of Golubria
 14523 | D:11     | Killed an unseen horror
 15374 | D:11     | Identified Sif Muna's Almanac of the Cankerous Compass (Sif Muna gifted it to you on level 11 of the Dungeon)
 15374 | D:11     | Received a gift from Sif Muna
 15653 | D:12     | Killed an unseen horror
 15653 | D:12     | Reached XP level 12. HP: 24/69 MP: 25/30
 16615 | D:12     | Gained mutation: Scrolls take you a little longer to read. [a neqoxec]
 16616 | D:12     | Gained mutation: Your body sometimes deteriorates upon taking damage. [a neqoxec]
 16990 | D:12     | Reached skill level 15 in Conjurations
 17212 | Orc:1    | Entered Level 1 of the Orcish Mines
 18268 | D:5      | Bought a +0 pair of gloves of dexterity for 161 gold pieces
 18518 | Orc:1    | Found Keafur's Magic Scroll Boutique.
 18623 | Orc:1    | Lost mutation: Scrolls take you a little longer to read. [potion of mutation]
 18623 | Orc:1    | Lost mutation: Your body sometimes deteriorates upon taking damage. [potion of mutation]
 18623 | Orc:1    | Gained mutation: Your mind is acute. (Int +2) [potion of mutation]
 18623 | Orc:1    | Gained mutation: You are resistant to electric shocks. (rElec) [potion of mutation]
 18623 | Orc:1    | Lost mutation: Your mind is acute. (Int +2) [potion of mutation]
 18623 | Orc:1    | Gained mutation: You are partially covered in molten scales. (AC +2) [potion of mutation]
 18662 | Orc:1    | Bought a scroll of identify for 28 gold pieces
 18662 | Orc:1    | Bought 2 scrolls of identify for 56 gold pieces
 18662 | Orc:1    | Bought a scroll of identify for 28 gold pieces
 18680 | Orc:2    | Entered Level 2 of the Orcish Mines
 18688 | Orc:2    | Found a staircase to the Elven Halls.
 18707 | Orc:2    | Identified Sif Muna's Further Progress in Witchcraft (Sif Muna gifted it to you on level 2 of the Orcish Mines)
 18707 | Orc:2    | Received a gift from Sif Muna
 18829 | Orc:2    | Noticed Donald
 19303 | Orc:1    | Killed Donald
 20371 | Orc:2    | Reached XP level 13. HP: 68/74 MP: 33/33
 20410 | Orc:2    | Reached skill level 5 in Translocations
 20651 | Orc:2    | Found a roughly hewn altar of Beogh.
 20825 | Orc:2    | Found Hurree Coyk's Weapon Shop.
 20825 | Orc:2    | Found Vurrestro's Food Emporium.
 20827 | Orc:2    | Found Vedoovumm's Antique Armour Shoppe.
 20829 | Orc:2    | Found Huchac's Distillery.
 20841 | Orc:2    | Bought a potion of degeneration for 15 gold pieces
 20847 | Orc:2    | Bought a glowing robe for 96 gold pieces
 21076 | D:13     | Found a gate to the Vaults.
 21076 | D:13     | Noticed Urug
 21076 | D:13     | Noticed Rupert
 21094 | D:12     | Learned a level 8 spell: Lehudib's Crystal Spear
 21171 | D:13     | Reached skill level 1 in Earth Magic
 21570 | D:13     | Identified Sif Muna's Tome of Hurtful Curses (Sif Muna gifted it to you on level 13 of the Dungeon)
 21570 | D:13     | Received a gift from Sif Muna
 21599 | D:13     | Reached skill level 5 in Earth Magic
 21709 | D:13     | Killed Rupert
 22545 | D:13     | Killed Urug
 23062 | D:14     | Reached skill level 10 in Earth Magic
 23258 | D:14     | Identified Iroimekk's Handbook of the Escort and Arcane Weapons (Sif Muna gifted it to you on level 14 of the Dungeon)
 23258 | D:14     | Received a gift from Sif Muna
 23852 | D:14     | Reached XP level 14. HP: 78/80 MP: 34/34
 23942 | D:15     | Entered Level 15 of the Dungeon
 24036 | D:14     | HP: 4/80 [vault guard/battleaxe (10)]
 24667 | D:15     | Paralysed by a floating eye for 3 turns
 24784 | D:15     | Got a smoking marble ring
 24788 | D:15     | Identified the ring "Givizuh" {+Fly Slay+2} (You found it on level 15 of the Dungeon)
 24800 | D:15     | Noticed a frost giant
 24810 | D:15     | Killed a frost giant
 24976 | D:15     | Reached ****** piety under Sif Muna
 25342 | D:15     | Found a blossoming altar of Fedhas.
 25441 | D:15     | Got a bound platinum ring
 25476 | D:15     | Identified the ring of Amelioration {rPois Str+5} (You found it on level 15 of the Dungeon)
 25500 | D:15     | Noticed a green very ugly thing
 25505 | D:15     | Killed a green very ugly thing
 25505 | D:15     | Identified Sif Muna's Guide on Glacial Beguiling (Sif Muna gifted it to you on level 15 of the Dungeon)
 25505 | D:15     | Received a gift from Sif Muna
 25602 | D:15     | Paralysed by a floating eye for 3 turns
 25815 | D:15     | Found a shimmering altar of Xom.
 26303 | D:15     | Got a faintly glowing lead ring
 26311 | D:15     | Identified the cursed +1 scimitar "Pasal" {slice, Dex+4} (You took it off an orc wizard on level 15 of the Dungeon)
 26315 | D:15     | Identified the ring of the Foremost Places {+Fly Int+4} (You took it off an orc wizard on level 15 of the Dungeon)
 26444 | D:15     | Found a staircase to the Depths.
 26754 | D:15     | Found a burning altar of Makhleb.
 26807 | D:15     | Reached skill level 15 in Earth Magic
 27309 | Elf:1    | Entered Level 1 of the Elven Halls
 27413 | Elf:1    | Learned a level 5 spell: Lee's Rapid Deconstruction
 27674 | Elf:1    | Reached XP level 15. HP: 84/84 MP: 32/35
 27758 | Elf:1    | Received a gift from Sif Muna
 28331 | Elf:1    | HP: 1/84 [something (10)]
 28605 | Elf:1    | Reached skill level 1 in Invocations
 28834 | Elf:1    | Identified the Guide on Conjuration
 28963 | Elf:1    | Reached skill level 5 in Invocations
 29581 | Elf:2    | Got a dazzling hand crossbow
 29582 | Elf:2    | Identified the +6 hand crossbow of Spring {penet, Str+3 SInv} (You found it on level 2 of the Elven Halls)
 30129 | Elf:2    | Killed from afar by a deep elf knight

Vault maps used:
D:1:      scummos_arrival_hexagon, minivault_5
D:2:      good_gods_temple_1, first_ration
D:3:      ashenzari_altar_1, tgw_fedhas
D:4:      overflow_temple_1_default, serial_shops, nicolae_shop_waterfront
D:5:      slow_altar_1, chequers_temple_overflow_statue_of_worship,
          serial_shops, shop, nicolae_shop_behind_doors, kennysheep_little_box
D:6:      minmay_temple_entry_mist, nicolae_dithmenos_the_darkroom,
          uniq_eustachio
D:7:      serial_shops, nicolae_shop_window_shopping, enter_bailey_2,
          grunt_ogre_cave, minmay_misc_feat_cross, kennysheep_generic_room_6
D:8:      old_standard_altar, nicolae_overflow_hidden_temple, serial_shops,
          nicolae_shop_waterfront
D:9:      eat_drink_and_be_merry_uskayaw, david_lair_shrubbed, orc_david_3,
          serial_undead, serial_undead_f, serial_undead_a, serial_undead_a,
          serial_undead_b, serial_undead_b, serial_undead_d,
          nicolae_underground_beach, uniq_prince_ribbit1
D:11:     minmay_curled_crystal, minmay_stone_trees_small, minmay_door_square
D:13:     david_vaults_3
D:15:     hangedman_spin_cycle
Temple:   kb_corrupted_temple
Orc:1:    serial_shops, shop
Orc:2:    st_orc_rangers, basic_altar, uniq_donald
Elf:1:    minmay_elf_arrival_summoners, minmay_elf_annihilation
Elf:2:    basic_altar, serial_shops, shop
Bailey:   bailey_polearm_flooded_kennysheep, bailey

Skill      XL: |  1  2  3  4  5  6  7  8  9 10 11 12 13 14 15 |
---------------+----------------------------------------------+-----
Fighting       | 1 2 4 6 |  6.0
Shields        | 1 2 3 4 |  4.0
Conjurations   | 2 3 4 5 9 11 14 16 | 16.1
Dodging        | 5 6 |  6.0
Hexes          | 4 6 |  6.0
Spellcasting   | 5 8 10 12 14 | 14.6
Translocations | 4 6 |  6.0
Earth Magic    | 10 15 16 | 16.1
Invocations    | 8 |  8.1
Stealth        | |  2.4
Summonings     | |  1.1

Action                   |  1- 3 |  4- 6 |  7- 9 | 10-12 | 13-15 || total
-------------------------+-------+-------+-------+-------+-------++-------
Melee: Unarmed           |    18 |    22 |       |       |       ||    40
       Halberd           |       |    16 |    18 |       |       ||    34
       Dagger            |       |       |    67 |    90 |    41 ||   198
       Shortbow          |       |       |       |     2 |       ||     2
       Staff             |       |       |       |       |     1 ||     1
       Hand crossbow     |       |       |       |       |     1 ||     1
 Fire: Shortbow          |       |       |       |   934 |   846 ||  1780
 Cast: Magic Dart        |    96 |   213 |   167 |     6 |       ||   482
       Call Imp          |     7 |     9 |     8 |     2 |       ||    26
       Mephitic Cloud    |       |     5 |    19 |    36 |    46 ||   106
       Conjure Flame     |       |     1 |    14 |    27 |    42 ||    84
       Blink             |       |       |     2 |     3 |     2 ||     7
       Dazzling Spray    |       |       |    12 |    69 |    34 ||   115
       Confuse           |       |       |    14 |    26 |    31 ||    71
       Passage of Golubr |       |       |       |     2 |       ||     2
       Lehudib's Crystal |       |       |       |       |    81 ||    81
       Lee's Rapid Decon |       |       |       |       |     5 ||     5
Invok: Divine Energy     |       |       |     1 |       |       ||     1
       Channel Magic     |       |       |       |       |     2 ||     2
Evoke: Wand              |       |       |       |     5 |       ||     5
  Use: Scroll            |       |       |     2 |    23 |     4 ||    29
       Potion            |       |       |       |     8 |    10 ||    18
 Stab: Confused          |       |     4 |     5 |       |       ||     9
       Sleeping          |       |     3 |     1 |       |     1 ||     5
       Invisible         |       |       |     1 |     1 |       ||     2
  Eat: Chunk             |     2 |    11 |     8 |    33 |    51 ||   105
       Ration            |       |       |     2 |       |     6 ||     8
Armor: Robe              |     7 |    19 |    17 |    81 |    30 ||   154
       Skin              |       |       |       |    11 |       ||    11
       Swamp dragon scal |       |       |       |   103 |   287 ||   390
Dodge: Dodged            |    35 |    82 |    97 |   384 |   448 ||  1046
Block: Buckler           |       |       |    21 |    13 |     8 ||    42
       Other             |       |       |       |    11 |       ||    11

Table legend:
 A = Spawn XP
 B = Non-spawn XP
 C = Spawn XP percentage of total XP
 D = Spawn monster count
 E = Non-spawn monster count
 F = Spawn count percentage of total count
 G = Total turns spent on level
                    A         B        C        D         E        F      G
               +---------+---------+-------+---------+---------+-------+---------
         Total |       0 |  131146 |   0.0 |       0 |     747 |   0.0 | 30129
               +---------+---------+-------+---------+---------+-------+---------
           D:1 |       0 |      33 |   0.0 |       0 |      19 |   0.0 |   943
           D:2 |       0 |     104 |   0.0 |       0 |      32 |   0.0 |  1921
           D:3 |       0 |     790 |   0.0 |       0 |      34 |   0.0 |  1532
           D:4 |       0 |     318 |   0.0 |       0 |      26 |   0.0 |  1508
           D:5 |       0 |     380 |   0.0 |       0 |      10 |   0.0 |   679
           D:6 |       0 |    1345 |   0.0 |       0 |      23 |   0.0 |  1512
           D:7 |       0 |     717 |   0.0 |       0 |      12 |   0.0 |  1008
           D:8 |       0 |    2649 |   0.0 |       0 |      15 |   0.0 |  1380
           D:9 |       0 |    3834 |   0.0 |       0 |      65 |   0.0 |  1755
          D:10 |       0 |    2066 |   0.0 |       0 |      44 |   0.0 |  1188
          D:11 |       0 |    5382 |   0.0 |       0 |      64 |   0.0 |  1695
          D:12 |       0 |    9308 |   0.0 |       0 |      56 |   0.0 |  1776
          D:13 |       0 |   18063 |   0.0 |       0 |      57 |   0.0 |  1711
          D:14 |       0 |    7880 |   0.0 |       0 |      40 |   0.0 |  1354
          D:15 |       0 |   32824 |   0.0 |       0 |      65 |   0.0 |  2918
         Orc:1 |       0 |    7279 |   0.0 |       0 |      43 |   0.0 |  2334
         Orc:2 |       0 |    5139 |   0.0 |       0 |      46 |   0.0 |  1109
         Elf:1 |       0 |   25068 |   0.0 |       0 |      46 |   0.0 |  2265
         Elf:2 |       0 |    5716 |   0.0 |       0 |      11 |   0.0 |   319
        Bailey |       0 |    2251 |   0.0 |       0 |      39 |   0.0 |  1094
               +---------+---------+-------+---------+---------+-------+---------
